 Dungeon Crawl Stone Soup version 0.21.0-25-ge575cb9 (webtiles) character file.

37 Firecrotchwizard the Chiller (level 3, 0/16 HPs)
             Began as a Vine Stalker Ice Elementalist on Jan 26, 2018.
             Slain by a worm (9 damage)
             ... on level 2 of the Dungeon.
             The game lasted 00:04:20 (1542 turns).

Firecrotchwizard the Chiller (VSIE)                 Turns: 1542, Time: 00:04:21

Health: 0/16       AC:  2    Str: 10    XL:     3   Next: 39%
Magic:  0/7        EV: 12    Int: 16    God:
Gold:   70         SH:  0    Dex: 14    Spells: 2/6 levels left

rFire    . . .     SeeInvis .     - Unarmed
rCold    . . .     Gourm    .   (no shield)
rNeg     . . .     Faith    .   a - +0 robe
rPois    .         Spirit   +   (no helmet)
rElec    .         Reflect  .   (no cloak)
rCorr    .         Harm     .   (no gloves)
MR       .....                  (no boots)
Stlth    ++........             (no amulet)
HPRegen  0.05/turn              (no ring)
MPRegen  0.10/turn              (no ring)

@: no status effects
A: fangs 2, magic shield, antimagic bite, no potion heal 3, rot immunity
a: no special abilities


You were on level 2 of the Dungeon.
You were not hungry.

You visited 1 branch of the dungeon, and saw 2 of its levels.

You collected 70 gold pieces.

Inventory:

Hand Weapons
 h - a +0 dagger
   (You took it off a goblin on level 1 of the Dungeon)
Armour
 a - a +0 robe (worn)
Scrolls
 e - a scroll of amnesia {unknown}
 f - a scroll of fear {unknown}
 k - a scroll of teleportation {unknown}
 l - a scroll of blinking {unknown}
 m - a scroll of magic mapping {unknown}
 o - 2 scrolls of identify {unknown}
Potions
 d - a potion of curing {unknown}
 g - a potion of lignification {unknown}
 i - a potion of flight {unknown}
 j - a potion of berserk rage {unknown}
 p - a potion of might {unknown}
Books
 b - a book of Frost
Comestibles
 c - 3 rations {@e1}
 n - 3 chunks of flesh {@w0}


   Skills:
 - Level 1.5 Dodging
 - Level 2.4 Stealth
 * Level 2.0 Unarmed Combat
 - Level 2.1 Spellcasting
   Level 1.0 Conjurations
 + Level 0.2 Charms
 + Level 3.6 Ice Magic


You had 2 spell levels left.
You knew the following spells:

 Your Spells              Type           Power        Failure   Level  Hunger
a - Freeze                Ice            ##..         4%          1    #......
A - Ozocubu's Armour      Chrm/Ice       #.......     26%         3    ###....


Dungeon Overview and Level Annotations

Branches:
Dungeon (2/15)

Altars:


Innate Abilities, Weirdness & Mutations

You have extremely sharp teeth.
When hurt, damage is shared between your health and your magic reserves.
Your bite disrupts and absorbs the magic of your enemies.
Potions cannot restore your health.
You are immune to rotting.


Message History

You closely miss the goblin. The goblin barely misses you.
You closely miss the goblin. You bite the goblin. You drain its power.
You feel invigorated. The goblin closely misses you.
You regained 2 mp, and now have 3/7 mp.
You miss the goblin. The goblin closely misses you.
You barely miss the goblin. Your bite misses the goblin.
The goblin hits you but does no damage.
You barely miss the goblin. You bite the goblin, but do no damage.
The goblin hits you but does no damage.
Aim: a goblin (severely wounded)
You freeze the goblin.
You kill the goblin!
You now have 3/7 mp.
Autoeating chunks.
Eating a chunk of flesh {@w0}.
You eat the chunk of flesh {@w0}.
You start resting.
Your icy armour starts to melt.
You regained 3 mp, and now have 6/7 mp.
You start resting.
Your icy armour evaporates.
You start resting.
MP restored: 7
There is a stone staircase leading up here.
You now have 56 gold pieces (gained 6).
Found a stone staircase leading down.
A giant cockroach comes into view.
Aim: a giant cockroach (clinging)
You freeze the giant cockroach.
You kill the giant cockroach!
You now have 6/7 mp.
You start resting.
MP restored: 7 You butcher the giant cockroach corpse.
n - a chunk of flesh {@w0}
o - 2 scrolls labeled UKAEBL RIUX (gained 1)
You see here 16 stones.
You now have 63 gold pieces (gained 7).
A bat comes into view.
The helpless bat fails to defend itself.
You hit the bat. Your bite misses the bat. The bat hits you but does no damage.
The bat barely misses you.
You hit the bat.
You kill the bat!
No target in view!
You butcher the bat corpse.
n - 2 chunks of flesh {@w0} (gained 1)
A dart slug comes into view.
The dart slug launches a dart at you. The slug dart hits you!
You take 4 damage, and have 12/16 hp.
MASSIVE DAMAGE!!
You now have 4/7 mp.
Aim: a dart slug (clinging)
You freeze the dart slug.
You now have 3/7 mp.
Aim: a dart slug (severely wounded, clinging)
You freeze the dart slug.
You kill the dart slug!
You now have 2/7 mp.
No target in view!
You start resting.
Health restored: 16; MP restored: 7 You butcher the dart slug corpse.
n - 4 chunks of flesh {@w0} (gained 2)
You open the door.
There is an open door here.
As you open the door, it creaks loudly!
A giant cockroach comes into view.
There is an open door here.
Aim: a giant cockroach You freeze the giant cockroach.
The giant cockroach misses you.
You now have 6/7 mp.
You hit the giant cockroach.
You kill the giant cockroach!
Your Unarmed Combat skill increases to level 2!
You start resting.
MP restored: 7
Found an escape hatch in the ceiling.
You now have 70 gold pieces (gained 7).
Eating one of 4 chunks of flesh {@w0}.
You eat one of the 4 chunks of flesh {@w0}.
You open the door.
A worm comes into view.
There is an open door here.
Aim: a worm You freeze the worm.
The worm bites you.
You take 3 damage, and have 13/16 hp.
You now have 4/7 mp.
Aim: a worm (lightly wounded)
You freeze the worm.
You now have 3/7 mp.
Aim: a worm (moderately wounded)
You freeze the worm. The worm bites you.
You take 5 damage, and have 8/16 hp.
MASSIVE DAMAGE!!
You now have 1/7 mp.
You hit the worm but do no damage. You hit the worm.
The worm closely misses you.
You barely miss the worm. Your bite misses the worm. The worm bites you!
Ouch! That really hurt!
You die...

#.# # .... #.# #.# ....
#.####.###### .....
#.##........#
.....####.##.......<#
.......[#...........#
........#.#.........##
........#.#..........#
......w@##.....#.....#
........'............#
..).....##....##.....#
#.##.#####....##.....###
# #. #....##.....'.. #
#....##.....###
#....######.# ##+### #.#
#.#


You could see a worm.

Vanquished Creatures
  2 dart slugs
  6 bats
  8 giant cockroaches
  3 goblins
  4 hobgoblins (D:1)
  A frilled lizard (D:1)
  3 kobolds
  2 rats (D:1)
29 creatures vanquished.

Notes
Turn   | Place    | Note
-------+----------+-------------------------------------------
     0 | D:1      | Firecrotchwizard the Vine Stalker Ice Elementalist began the quest for the Orb.
     0 | D:1      | Reached XP level 1. HP: 9/9 MP: 4/4
   222 | D:1      | Reached skill level 1 in Unarmed Combat
   222 | D:1      | Reached XP level 2. HP: 5/13 MP: 1/6
   853 | D:1      | Reached XP level 3. HP: 16/16 MP: 7/7
   887 | D:1      | Learned a level 3 spell: Ozocubu's Armour
  1506 | D:2      | Reached skill level 2 in Unarmed Combat
  1542 | D:2      | Slain by a worm

Skill      XL: |  1  2  3 |
---------------+----------+-----
Unarmed Combat | 1 2 |  2.0
Dodging        | |  1.5
Stealth        | |  2.4
Spellcasting   | |  2.1
Conjurations   | |  1.0
Charms         | |  0.2
Ice Magic      | |  3.6

Action                   || total
-------------------------++-------
Melee: Unarmed           ||   116
       Bite              ||    23
 Cast: Freeze            ||    25
       Ozocubu's Armour  ||     1
 Stab: Sleeping          ||     5
  Eat: Chunk             ||     3
Armor: Robe              ||    26
Dodge: Dodged            ||    81

Vault maps used:
D:1:      lightli_arrival_statuegarden
D:2:      corexii_hall_statues_t

Table legend:
 A = Turns spent in this place as a percentage of turns spent in the entire game.
 B = Non-inter-level travel turns spent in this place as a percentage of non-inter-level travel turns spent in the entire game.
 C = Inter-level travel turns spent in this place as a percentage of turns spent in this place.
 D = Turns resting spent in this place as a percentage of non-inter-level travel turns spent in this place.
 E = Turns spent auto-exploring this place as a percentage of non-inter-level travel turns spent in this place.
 F = Non-inter-level travel turns spent in this place divided by the number of levels of this place that you've seen.
                   A       B       C       D       E      F
               +-------+-------+-------+-------+-------+----------------------
         Total | 100.0 | 100.0 |   2.6 |  50.9 |  28.0 | 751.0
       Dungeon | 100.0 | 100.0 |   2.6 |  50.9 |  28.0 | 751.0
               +-------+-------+-------+-------+-------+----------------------

Table legend:
 A = Kills in this place as a percentage of kills in entire the game.
 B = Kills by you in this place as a percentage of kills by you in the entire game.
 C = Kills by friends in this place as a percentage of kills by friends in the entire game.
 D = Other kills in this place as a percentage of other kills in the entire game.
 E = Experience gained in this place as a percentage of experience gained in the entire game.
 F = Experience gained in this place divided by the number of levels of this place that you have seen.
                   A       B       C       D       E      F
               +-------+-------+-------+-------+-------+----------------------
         Total | 100.0 | 100.0 |   N/A |   N/A | 100.0 |  26.5
       Dungeon | 100.0 | 100.0 |   N/A |   N/A | 100.0 |  26.5
               +-------+-------+-------+-------+-------+----------------------
